 Dungeon Crawl Stone Soup version 0.22-a0-247-gbddf880 (webtiles) character file.

501 Lapis the Covert (level 7, -2/69 HPs)
             Began as an Octopode Assassin on Feb 23, 2018.
             Slain by an iguana (6 damage)
             ... on level 4 of the Dungeon.
             The game lasted 00:03:38 (3200 turns).

Lapis the Covert (Octopode Assassin)                Turns: 3200, Time: 00:03:39

Health: -2/69      AC: 23    Str: 15    XL:     7   Next: 17%
Magic:  7/7        EV:  2    Int: 14    God:
Gold:   187        SH:  0    Dex: 15    Spells: 6/6 levels left

rFire    . . .     SeeInvis .   a - +2 dagger
rCold    . . .     Gourm    .   (no shield)
rNeg     + + +     Faith    .   (helmet currently unavailable)
rPois    +         Spirit   .   (no amulet)
rElec    .         Reflect  .   (no ring)
rCorr    .         Harm     .   (no ring)
MR       .....     NoTele   +   (no ring)
Stlth    ++++......             (no ring)
HPRegen  0.21/turn              (no ring)
MPRegen  0.10/turn              (no ring)
                                (no ring)
                                (no ring)

@: mighty, tree-form
A: almost no armour, stealthy swim, (amphibious), 8 rings, (constrict 8)
a: no special abilities


You were on level 4 of the Dungeon.
You were not hungry.
You were a tree.
You visited 1 branch of the dungeon, and saw 4 of its levels.

You collected 187 gold pieces.

Inventory:

Hand Weapons
 a - a +2 dagger (weapon)
 b - a +0 blowgun
 o - a +0 dagger of flaming
Missiles
 c - 17 poisoned needles
 d - 2 curare-tipped needles
 r - 3 tomahawks (quivered)
Armour
 i - a +0 shield
Scrolls
 e - 4 scrolls of identify {unknown}
 g - 2 scrolls of blinking {unknown}
 m - 2 scrolls of enchant weapon {unknown}
 q - a scroll of fog {unknown}
 s - a scroll of remove curse {unknown}
 u - a scroll of noise {unknown}
Potions
 k - 2 potions of might
 l - a potion of heal wounds {unknown}
 n - a potion of ambrosia {unknown}
 p - a potion of invisibility {unknown}
 t - a potion of degeneration {unknown}
Comestibles
 f - 6 rations
 j - 5 chunks of flesh


   Skills:
 * Level 3.0 Fighting
 * Level 3.5 Short Blades
 - Level 2.0 Throwing
 * Level 2.4 Dodging
 * Level 9.7 Stealth


You had 6 spell levels left.
You didn't know any spells.

Dungeon Overview and Level Annotations

Branches:
Dungeon (4/15)
 Temple: D:4-7

Altars:


Innate Abilities, Weirdness & Mutations

You cannot wear most types of armour.
You are very stealthy in the water. (Stealth+)
((You are amphibious.))
You can wear up to eight rings at the same time.
((You can use your tentacles to constrict eight enemies at once.))
((Your skin changes colour to match your surroundings (Stealth+).))
((Your rubbery body absorbs attacks. (AC +1, EV +1)))


Message History

You constrict the orc.
You kill the orc!
You hit the orc. You grab the orc.
The orc is heavily wounded.
You constrict the orc. The orc hits you with a hand axe!
* * * LOW HITPOINT WARNING * * *
You hit the orc.
You kill the orc!
You hit the iguana. You grab the iguana.
The iguana is moderately wounded.
You constrict the iguana, but do no damage.
The iguana bites you.
* * * LOW HITPOINT WARNING * * *
It was a potion of might.
You feel very mighty all of a sudden.
You constrict the iguana. The iguana closely misses you.
It was a potion of lignification.
You turn into a tree.
Your roots penetrate the ground.
You lose your grip on the iguana.
The iguana bites you.
You die...

###### ######
#....#
#....#####....####
+.....♣loh........
##)...#####....###
#......# #..).#
#......# #....#
#...$.†# #....#
#......# #......
#.#....).#
........
#.#......#
...........
####.#......#
...........


You could see an iguana, a hound and an orc.

Vanquished Creatures
  2 ogres
  3 killer bees (D:3)
  An orc wizard (D:3)
  Jessica (D:2)
  3 gnolls
  3 adders
  4 worms
  3 dart slugs
  3 leopard geckos
  14 orcs
  A ball python (D:3)
  4 giant cockroaches
  4 goblins
  7 hobgoblins
  7 jackals (D:2)
  4 quokkas
  4 bats
  3 frilled lizards
  3 kobolds
  6 rats
80 creatures vanquished.

Notes
Turn   | Place    | Note
-------+----------+-------------------------------------------
     0 | D:1      | Lapis the Octopode Assassin began the quest for the Orb.
     0 | D:1      | Reached XP level 1. HP: 14/14 MP: 1/1
   150 | D:1      | Reached XP level 2. HP: 19/19 MP: 2/2
   326 | D:1      | Reached skill level 6 in Stealth
   751 | D:2      | Noticed Jessica
   754 | D:2      | Killed Jessica
   754 | D:2      | Reached XP level 3. HP: 24/24 MP: 3/3
   965 | D:2      | Reached skill level 7 in Stealth
   983 | D:2      | Reached XP level 4. HP: 27/29 MP: 4/4
  2127 | D:2      | Reached XP level 5. HP: 35/35 MP: 5/5
  2293 | D:3      | Reached skill level 8 in Stealth
  2312 | D:3      | Noticed an ogre
  2317 | D:3      | Killed an ogre
  2317 | D:3      | Reached XP level 6. HP: 41/41 MP: 6/6
  2479 | D:3      | Reached skill level 9 in Stealth
  3167 | D:4      | Reached XP level 7. HP: 41/46 MP: 7/7
  3200 | D:4      | Slain by an iguana

Vault maps used:
D:1:      lemuel_arrival_broad_hall, serial_bayou_lake_a
D:2:      first_ration, hex_medium, uniq_jessica
D:3:      minmay_diamond_boxcup, kennysheep_another_room
D:4:      kennysheep_flooded_box, uniq_robin, uniq_duvessa

Skill      XL: |  1  2  3  4  5  6 |
---------------+-------------------+-----
Stealth        | 6 7 8 9 |  9.7
Short Blades   | 3 |  3.5
Dodging        | 2 |  2.4
Fighting       | 3 |  3.0
Throwing       | |  2.0

Action                   |  1- 3 |  4- 6 |  7- 9 || total
-------------------------+-------+-------+-------++-------
Melee: Dagger            |    33 |   107 |    10 ||   150
       Constrict         |     9 |    21 |     5 ||    35
       Tentacles         |     6 |    17 |       ||    23
  Use: Potion            |       |       |     2 ||     2
 Stab: Sleeping          |    13 |    25 |       ||    38
  Eat: Chunk             |       |     7 |       ||     7
Armor: Skin              |     2 |     6 |       ||     8
Dodge: Dodged            |    22 |    46 |     3 ||    71

Table legend:
 A = Spawn XP
 B = Non-spawn XP
 C = Spawn XP percentage of total XP
 D = Spawn monster count
 E = Non-spawn monster count
 F = Spawn count percentage of total count
 G = Total turns spent on level
                    A         B        C        D         E        F      G
               +---------+---------+-------+---------+---------+-------+---------
         Total |       0 |     716 |   0.0 |       0 |      80 |   0.0 |  3200
               +---------+---------+-------+---------+---------+-------+---------
           D:1 |       0 |      54 |   0.0 |       0 |      16 |   0.0 |  1127
           D:2 |       0 |     114 |   0.0 |       0 |      25 |   0.0 |  1102
           D:3 |       0 |     419 |   0.0 |       0 |      32 |   0.0 |   903
           D:4 |       0 |     129 |   0.0 |       0 |       7 |   0.0 |    68
               +---------+---------+-------+---------+---------+-------+---------
